 Dungeon Sprint DCSS version 0.27-a0-1525-g1038ab4fd7 (webtiles) character file.

Game seed: 9081587128987177923

22509 mhtbhm the Fencer (level 12, -24/124 HPs)
             Began as a Minotaur Fighter on July 10, 2021.
             Was the Champion of Makhleb.
             Killed from afar by a tengu reaver (56 damage)
             ... with a bolt of fire
             ... in the Dungeon (Sprint IX: "|||||||||||||||||||||||||||||").
             The game lasted 00:07:49 (3588 turns).

mhtbhm the Fencer (Minotaur Fighter)                Turns: 3588, Time: 00:07:49

Health: -24/124    AC: 22    Str: 27    XL:     12   Next: 63%
Magic:  21/21      EV: 10    Int:  6    God:    Makhleb [******]
Gold:   826        SH: 15    Dex: 11    Spells: 11/11 levels left

rFire    . . .     SeeInvis .   a - +1 double sword
rCold    + + .     Faith    .   c - +0 kite shield
rNeg     . . .     Spirit   .   b - +2 plate armour {rC+}
rPois    +         Reflect  .   x - +2 hat {Stlth+}
rElec    .         Harm     .   m - +0 cloak
rCorr    .         Rampage  .   E - +1 pair of gloves
Will     .....     NoTele   +   v - +0 pair of boots
Stlth    ..........             (no amulet)
HPRegen  0.30/turn              z - ring of Doroba {Fly rPois rC+ Stlth-}
MPRegen  0.17/turn              o - +3 ring of strength

@: corroded, flying, hasted, very quick
A: horns 2, retaliatory headbutt
a: Renounce Religion, Minor Destruction, Lesser Servant of Makhleb, Major
Destruction, Greater Servant of Makhleb


You were in the Dungeon.
You worshipped Makhleb.
Makhleb was exalted by your worship.
You visited 1 branch You collected 1925 gold pieces.
You spent 1099 gold pieces at shops.

Inventory:

Hand Weapons
 a - a +1 double sword (weapon)
Missiles
 l - 3 curare-tipped darts
 y - 7 boomerangs of dispersal (quivered)
 A - 7 silver boomerangs
Armour
 b - a +2 plate armour of cold resistance (worn)
 c - a +0 kite shield (worn)
 m - a +0 cloak (worn)
 v - a +0 pair of boots (worn)
 x - a +2 hat of stealth (worn)
 E - a +1 pair of gloves (worn)
Jewellery
 o - a +3 ring of strength (right hand)
 z - the ring of Doroba (left hand) {Fly rPois rC+ Stlth-}
   (You bought it in a shop in the Dungeon)

   [ring of protection from cold]

   rC:        It protects you from cold.
   rPois:     It protects you from poison.
   Fly:       It grants you flight.
   Stlth:     It makes you less stealthy.
 B - a ring of protection from cold
 C - a ring of see invisible
 D - a ring of protection from fire
Scrolls
 j - 4 scrolls of blinking
 k - 2 scrolls of amnesia
 s - 2 scrolls of fog
 t - 4 scrolls of enchant weapon
 u - 2 scrolls of identify
 w - 2 scrolls of enchant armour
Potions
 d - 2 potions of might
 e - 5 potions of curing
 f - 5 potions of heal wounds
 g - 2 potions of berserk rage
 h - 4 potions of magic
 i - a potion of invisibility
 n - a potion of haste
 p - 2 potions of brilliance
 q - a potion of resistance
 r - a potion of ambrosia


   Skills:
 + Level 16.9 Fighting
 + Level 18.5 Long Blades
 + Level 15.2 Armour
 + Level 8.1 Dodging
 + Level 3.6 Stealth
 + Level 15.8 Shields
 * Level 13.8 Invocations
 + Level 4.7 Evocations


You had 11 spell levels left.
You didn't know any spells.
Your spell library was empty.

Dungeon Overview and Level Annotations

Branches:
Dungeon (1/1)

Altars:
Cheibriados
Dithmenos
Elyvilon
Fedhas
Gozag
Hepliaklqana
Kikubaaqudgha
Makhleb
Nemelex Xobeh
Okawaru
Qazlal
Ru
Sif Muna
Trog
Uskayaw
Vehumet
Wu Jian
Xom
Yredelemnul
Zin
The Shining One
Beogh
Jiyva
Lugonu

Shops:
D [(=:


Innate Abilities, Weirdness & Mutations

You have a pair of horns on your head.
You reflexively headbutt those who attack you in melee.


Message History

You are too injured to fight recklessly!
You are too injured to fight recklessly!
You are too injured to fight recklessly!
You are too injured to fight recklessly!
Unknown command.
You slice the tengu reaver!!
The tengu reaver is moderately wounded.
A demon appears!
The tengu reaver casts a spell at you. The bolt of poison hits you! You resist.
* * * LOW HITPOINT WARNING * * *
The bolt of poison hits your blizzard demon!
Unknown command.
You see here a manticore skeleton.
You swap places.
The tengu reaver hits your blizzard demon with a +0 battleaxe!
The tengu reaver barely misses your blizzard demon.
The tengu reaver closely misses your blizzard demon.
Your blizzard demon hits the tengu reaver.
Your blizzard demon hits the tengu reaver!
Items here: ( )) ÷÷.
Unknown command.
The tengu reaver hits your blizzard demon with a +0 battleaxe!!
The tengu reaver pecks your blizzard demon.
The tengu reaver closely misses your blizzard demon.
Your blizzard demon hits the tengu reaver!
Your blizzard demon closely misses the tengu reaver.
There is an open door to the Dungeon, spattered with blood here.
Unknown command.
Unknown command.
The tengu reaver hits your blizzard demon with a +0 battleaxe!
Your blizzard demon dies!
Unknown command.
You feel yourself speed up.
The tengu reaver points at you and mumbles some strange words.
The bolt of cold hits you. You resist.
* * * LOW HITPOINT WARNING * * *
The tengu reaver gestures at you while chanting.
The bolt of fire hits you!!!
You die...

........'.........'..........?.'.
▓▓▓▓▓▓▓▓▓▓▓▓▓▓▓▓▓▓▓▓▓▓▓▓▓▓▓▓▓▓▓▓▓
............................)....
▓▓▓▓▓▓▓▓▓▓▓▓▓▓▓▓▓▓▓▓▓▓▓▓▓▓▓▓▓▓▓▓▓
..)))))).....)...))..))∩.∩.∩.∩)..
▓▓▓▓▓▓▓▓▓▓▓▓▓▓▓▓▓▓▓▓▓▓▓▓▓▓▓▓▓▓▓▓▓
.................................
▓▓▓▓▓▓▓▓▓▓▓▓▓▓▓▓▓▓▓▓▓▓▓▓▓▓▓▓▓▓▓▓▓
.[[[[[[=[...†...@..')QC.uD....
▓▓▓▓▓▓▓▓▓▓▓▓▓▓▓▓▓▓▓▓▓▓▓▓▓▓▓▓▓▓


You could see a stone giant and a tengu reaver.

Vanquished Creatures
  Gastronok (D)
  A frost giant (D)
  A fire dragon (D)
  An ogre mage (D)
  3 boulder beetles (D)
  3 hydras (D)
  A catoblepas (D)
  2 two-headed ogres (D)
  A death knight (D)
  A glowing orange brain (D)
  6 orc knights (D)
  2 cyclopes (D)
  A black mamba (D)
  5 cane toads (D)
  An efreet (D)
  2 komodo dragons (D)
  2 tyrant leeches (D)
  A troll (D)
  3 blink frogs (D)
  A slime creature (D)
  2 yaks (D)
  A basilisk (D)
  2 vampire mosquitoes (D)
  An acid dragon (D)
  6 water moccasins (D)
  A sky beast (D)
  21 orc warriors (D)
  2 bullfrogs (D)
  An orc priest (D)
  A hound (D)
  3 orc wizards (D)
  An iguana (D)
  An adder (D)
  7 orcs (D)
  A bat zombie (D)
  A giant cockroach (D)
  A goblin (D)
  A hobgoblin (D)
  A frilled lizard (D)
  A giant cockroach zombie (D)
  A rat (D)
96 creatures vanquished.

Vanquished Creatures (collateral kills)
  A skeletal warrior (D)
1 creature vanquished.

Vanquished Creatures (others)
  A manticore (D)
1 creature vanquished.

Grand Total: 98 creatures vanquished

Notes
Turn   | Place    | Note
-------+----------+-------------------------------------------
     0 | D        | mhtbhm the Minotaur Fighter began the quest for the Orb.
     0 | D        | Reached XP level 1. HP: 19/19 MP: 0/0
    21 | D        | Noticed an iguana
    21 | D        | Noticed a sky beast
    21 | D        | Noticed a hound
    24 | D        | Killed an iguana
    25 | D        | Reached skill level 5 in Fighting
    25 | D        | Reached skill level 3 in Long Blades
    25 | D        | Reached skill level 5 in Armour
    25 | D        | Reached skill level 5 in Shields
    25 | D        | Reached XP level 2. HP: 21/29 MP: 1/1
    25 | D        | Reached XP level 3. HP: 26/36 MP: 2/2
    31 | D        | Killed a sky beast
    32 | D        | Reached skill level 5 in Long Blades
    32 | D        | Reached XP level 4. HP: 25/47 MP: 3/3
    37 | D        | Reached XP level 5. HP: 18/53 MP: 4/4
    46 | D        | Found a snail-covered altar of Cheibriados.
    46 | D        | Found a shadowy altar of Dithmenos.
    46 | D        | Found a white marble altar of Elyvilon.
    46 | D        | Found a blossoming altar of Fedhas.
    46 | D        | Found an opulent altar of Gozag.
    47 | D        | Found a hazy altar of Hepliaklqana.
    48 | D        | Found a viscous altar of Jiyva.
    49 | D        | Found an ancient bone altar of Kikubaaqudgha.
    50 | D        | Found a corrupted altar of Lugonu.
    51 | D        | Found a burning altar of Makhleb.
    52 | D        | Found a sparkling altar of Nemelex Xobeh.
    53 | D        | Found an iron altar of Okawaru.
    54 | D        | Found a stormy altar of Qazlal.
    67 | D        | Found a sacrificial altar of Ru.
    68 | D        | Found a shimmering blue altar of Sif Muna.
    71 | D        | Found a bloodstained altar of Trog.
    72 | D        | Found a hide-covered altar of Uskayaw.
    73 | D        | Found a radiant altar of Vehumet.
    74 | D        | Found an ornate altar of the Wu Jian Council.
    75 | D        | Found a shimmering altar of Xom.
    76 | D        | Found a basalt altar of Yredelemnul.
    79 | D        | Found a glowing silver altar of Zin.
    80 | D        | Found a glowing golden altar of the Shining One.
   105 | D        | Became a worshipper of Makhleb the Destroyer
   180 | D        | Noticed a yak
   180 | D        | Noticed a two-headed ogre
   180 | D        | Noticed an acid dragon
   180 | D        | Noticed a troll
   180 | D        | Noticed a two-headed ogre
   184 | D        | Killed a yak
   185 | D        | Reached skill level 7 in Long Blades
   185 | D        | Reached XP level 6. HP: 34/62 MP: 4/7
   189 | D        | Killed a two-headed ogre
   190 | D        | Reached skill level 10 in Fighting
   190 | D        | Reached skill level 10 in Long Blades
   190 | D        | Reached skill level 10 in Armour
   190 | D        | Reached skill level 10 in Shields
   190 | D        | Reached skill level 5 in Invocations
   190 | D        | Reached XP level 7. HP: 8/73 MP: 4/10
   488 | D        | Reached * piety under Makhleb
   489 | D        | Reached XP level 8. HP: 81/81 MP: 11/11
   491 | D        | Killed a troll
   498 | D        | Killed a two-headed ogre
   498 | D        | Reached ** piety under Makhleb
   499 | D        | Reached skill level 11 in Long Blades
   500 | D        | Reached skill level 12 in Long Blades
   623 | D        | Noticed a boulder beetle
   623 | D        | Noticed a slime creature
   623 | D        | Noticed a catoblepas
   623 | D        | Noticed a cyclops
   623 | D        | Noticed a boulder beetle
   627 | D        | Killed a cyclops
   628 | D        | Reached XP level 9. HP: 90/90 MP: 13/13
   629 | D        | Killed a catoblepas
   629 | D        | Reached *** piety under Makhleb
   630 | D        | Reached skill level 13 in Long Blades
   630 | D        | Reached skill level 1 in Evocations
   644 | D        | Killed a boulder beetle
   645 | D        | Reached skill level 14 in Long Blades
   645 | D        | Reached XP level 10. HP: 90/100 MP: 14/16
   678 | D        | Killed a boulder beetle
   894 | D        | Noticed a cane toad
   894 | D        | Noticed a cane toad
   896 | D        | Noticed a cane toad
   898 | D        | Killed a cane toad
   898 | D        | Reached **** piety under Makhleb
   899 | D        | Reached skill level 5 in Dodging
   907 | D        | Reached skill level 15 in Long Blades
   909 | D        | Reached skill level 10 in Invocations
   922 | D        | Killed a cane toad
   930 | D        | Killed a cane toad
   932 | D        | Reached ***** piety under Makhleb
   952 | D        | Noticed a black mamba
   952 | D        | Noticed a seven-headed hydra
  1102 | D        | Noticed a four-headed hydra
  1122 | D        | Killed an 11-headed hydra
  1123 | D        | Reached skill level 16 in Long Blades
  1123 | D        | Killed a black mamba
  1124 | D        | Killed a four-headed hydra
  1125 | D        | Reached XP level 11. HP: 25/111 MP: 16/18
  1451 | D        | Reached ****** piety under Makhleb
  1884 | D        | Reached skill level 15 in Fighting
  1989 | D        | Noticed Gastronok
  2006 | D        | Killed Gastronok
  2007 | D        | Reached skill level 17 in Long Blades
  2132 | D        | Noticed an orc knight
  2144 | D        | Noticed an orc knight
  2163 | D        | Killed an orc knight
  2385 | D        | Killed an orc knight
  2484 | D        | Found Ceil's Antique Armour Emporium.
  2484 | D        | Noticed an orc knight
  2484 | D        | Noticed an orc knight
  2491 | D        | Noticed an orc knight
  2491 | D        | Killed an orc knight
  2492 | D        | Found Aklod's Weapon Shoppe.
  2684 | D        | Killed an orc knight
  2685 | D        | Reached skill level 1 in Stealth
  2877 | D        | Killed an orc knight
  2878 | D        | Reached skill level 15 in Shields
  2878 | D        | Reached XP level 12. HP: 120/122 MP: 20/20
  2953 | D        | Found Rieffa Deima's Jewellery Emporium.
  2966 | D        | Found Qukorch's Book Shoppe.
  3153 | D        | Bought 3 curare-tipped darts for 25 gold pieces
  3159 | D        | Bought the ring of Doroba {Fly rPois rC+ Stlth-} for 479
                  | gold pieces
  3167 | D        | Bought a glowing scarf for 224 gold pieces
  3167 | D        | Bought a glowing scarf for 224 gold pieces
  3171 | D        | Bought 7 silver boomerangs for 147 gold pieces
  3339 | D        | Noticed a four-headed hydra
  3339 | D        | Noticed a boulder beetle
  3339 | D        | Noticed an ogre mage
  3340 | D        | Noticed a death knight
  3348 | D        | Noticed a fire dragon
  3349 | D        | Killed a seven-headed hydra
  3353 | D        | Noticed a frost giant
  3354 | D        | Noticed a tengu reaver
  3357 | D        | Noticed a stone giant
  3358 | D        | Killed an ogre mage
  3366 | D        | Killed a death knight
  3367 | D        | Reached skill level 18 in Long Blades
  3393 | D        | Killed a boulder beetle
  3556 | D        | Killed a fire dragon
  3565 | D        | Killed a frost giant
  3566 | D        | Reached skill level 15 in Armour
  3576 | D        | Noticed an ice dragon
  3588 | D        | Killed from afar by a tengu reaver

Illustrated notes

Levels and vault maps discovered:
D:        linesprint [early_d, line_temple, items_1, d_10, items_2, lair_1,
          lair_end, items_3, orc_1, orc_end, items_4, d_15, swamp_1, shoals_1,
          snake_1, spider_1, d_20, vaults_1, items_5, swamp_end, shoals_end,
          snake_end, spider_end, vaults_end, d_27, items_6, zot_1, zot_end,
          crypt_end, forest_end, elf_end, slime_end, tomb_end, abyss_end,
          pan_hell_end]

Skill      XL: |  1  2  3  4  5  6  7  8  9 10 11 12 |
---------------+-------------------------------------+-----
Fighting       | 5 7 8 10 12 14 15 16 | 16.9
Armour         | 5 6 7 8 10 11 12 13 15 | 15.2
Shields        | 5 7 8 10 11 12 13 15 | 15.8
Long Blades    | 3 5 7 10 12 14 16 17 18 | 18.5
Invocations    | 3 5 6 7 9 11 12 13 | 13.8
Dodging        | 2 3 4 6 7 8 |  8.1
Evocations     | 1 3 4 |  4.7
Stealth        | 1 3 |  3.6

Action                   |  1- 3 |  4- 6 |  7- 9 | 10-12 || total
-------------------------+-------+-------+-------+-------++-------
Melee: Long sword        |    20 |     8 |       |       ||    28
       Headbutt          |     3 |     4 |    12 |   115 ||   134
       Scimitar          |       |     7 |    28 |   308 ||   343
       Double sword      |       |       |       |    64 ||    64
Invok: Greater Servant o |       |       |       |     3 ||     3
Evoke: Wand              |       |       |     4 |    11 ||    15
  Use: Potion            |     1 |     2 |       |     3 ||     6
 Stab: Paralysed         |       |       |       |     4 ||     4
Armor: Scale mail        |    11 |     3 |     2 |    31 ||    47
       Plate armour      |       |       |       |    31 ||    31
Dodge: Dodged            |     4 |     2 |    13 |    75 ||    94
Block: Kite shield       |     6 |     5 |    14 |   148 ||   173
       Rpst.: Long sword |     2 |     1 |       |       ||     3
       Scimitar          |       |       |     6 |    21 ||    27

Table legend: (Time is in decaauts)
 A = Elapsed time spent in this place.
 B = Non-inter-level travel time spent in this place.
 C = Inter-level travel time spent in this place.
 D = Time resting spent in this place.
 E = Time spent auto-exploring this place.
 F = Levels seen in this place.
 G = Mean time per level.
                   A        B        C        D        E       F      G
               +--------+--------+--------+--------+--------+-----+--------+
         Total |   3534 |   3534 |      0 |   1660 |    541 |   1 | 3534.0 |
       Dungeon |   3534 |   3534 |      0 |   1660 |    541 |   1 | 3534.0 |
               +--------+--------+--------+--------+--------+-----+--------+

Top non-repeatable levels by time:
       D: 3534 daAuts
